 Dungeon Crawl Stone Soup version 0.28.0-53-g5a82cb258f (webtiles) character file.

Game seed: 2442458687818575222

6965 LustLizard the Covert (level 10, -7/40 (44) HPs)
             Began as a Spriggan Enchanter on July 8, 2022.
             Was a Believer of Wu Jian.
             Killed from afar by Nergalle (33 damage)
             ... with a bolt of negative energy
             ... on level 1 of the Lair of Beasts.
             The game lasted 00:43:04 (17239 turns).

LustLizard the Covert (Spriggan Enchanter)         Turns: 17239, Time: 00:43:04

HP:   -7/40 (44)    AC:  4    Str:  6    XL:     10   Next: 81%
MP:   15/17         EV: 21    Int: 19    God:    Wu Jian [**....]
Gold: 525           SH:  0    Dex: 16    Spells: 7/17 levels left

rFire   . . .      SeeInvis +   J - +2 short sword (speed)
rCold   . . .      Faith    .   (no shield)
rNeg    . . .      Spirit   .   b - +0 robe
rPois   +          Reflect  .   H - +2 hat
rElec   .          Harm     .   l - scarf {+Inv}
rCorr   .          Rampage  .   (gloves unavailable)
Will    +....                   (boots unavailable)
Stlth   +++++.....              (no amulet)
HPRegen 0.13/turn               q - +4 ring of evasion
MPRegen 0.15/turn               L - ring of poison resistance

@: drained, very quick
A: very small, no large weapons, unfitting armour, see invisible, speed 3
a: Renounce Religion, Evoke Invisibility, Wall Jump


You were on level 1 of the Lair of Beasts.
You worshipped Wu Jian.
Wu Jian was pleased with you.
You visited 2 branches of the dungeon, and saw 11 of its levels.

You collected 621 gold pieces.
You spent 96 gold pieces at shops.

Inventory:

Hand Weapons
 a - a +1 dagger
 i - a +2 dagger of freezing
 J - a +2 short sword of speed (weapon)
 M - a +3 shortbow
 O - a +5 dagger of venom
Missiles
 g - 217 stones (quivered)
 n - 10 atropa-tipped darts
 t - 16 poisoned darts
 N - 80 arrows
Armour
 b - a +0 robe (worn)
 l - a scarf of invisibility (worn)
 H - a +2 hat (worn)
 I - a +0 cloak
Jewellery
 q - a +4 ring of evasion (left hand)
 y - a +6 ring of strength
 L - a ring of poison resistance (right hand)
Wands
 x - a wand of digging (8)
 D - a wand of flame (13)
Scrolls
 d - a scroll of blinking {unknown}
 e - 2 scrolls of fear {unknown}
 f - a scroll of holy word {unknown}
 j - 3 scrolls of immolation {unknown}
 o - 4 scrolls of magic mapping {unknown}
 p - a scroll of enchant armour
 u - a scroll of vulnerability {unknown}
 w - 4 scrolls of fog {unknown}
 A - 4 scrolls of teleportation {unknown}
 E - 3 scrolls of silence {unknown}
 G - a scroll of summoning {unknown}
 K - 2 scrolls of amnesia
Potions
 c - 2 potions of invisibility
 h - 2 potions of lignification
 k - 2 potions of flight
 m - 4 potions of curing
 r - 3 potions of heal wounds
 s - 4 potions of resistance
 v - 2 potions of brilliance {unknown}
 z - 2 potions of haste {unknown}
 B - a potion of cancellation {unknown}
 C - 3 potions of degeneration
 F - 2 potions of berserk rage {unknown}


   Skills:
 * Level 9.3 Short Blades
 * Level 3.5 Bows
 - Level 4.0 Throwing
 - Level 2.6 Dodging
 + Level 11.3 Stealth
 - Level 4.2 Spellcasting
 * Level 10.7 Hexes
 * Level 5.0 Transmutations
 - Level 8.0 Evocations


You had 7 spell levels left.
You knew the following spells:

 Your Spells              Type           Power      Damage    Failure   Level
a - Ensorcelled Hibernat  Hex/Ice        48%        N/A       2%          2
b - Tukima's Dance        Hex            45%        N/A       1%          3
c - Yara's Violent Unrav  Hex/Tmut       17%        3d8       14%         5

Your spell library contained the following spells:

 Spells                   Type           Power      Damage    Failure   Level
 Slow                     Hex            100%       N/A       1%          1
 Confusing Touch          Hex            45%        N/A       1%          3
 Dazzling Flash           Conj/Hex       48%        N/A       4%          3
 Spider Form              Tmut/Pois      13%        N/A       14%         3
 Anguish                  Hex/Necr       12%        N/A       14%         4
 Vampiric Draining        Necr           4%         2d6       38%         3
 Passage of Golubria      Tloc           4%         N/A       80%         4


Dungeon Overview and Level Annotations

Branches:
Dungeon (10/15)            Temple (0/1) D:4            Lair (1/6) D:9
    Orc: D:9-12

Altars:
Kikubaaqudgha
Okawaru
Ru
Sif Muna
Wu Jian
Xom
Yredelemnul

Shops:
D:1 :   D:9 *[(:

Annotations:
D:3 Kazon's ghost, amateur VSFi
D:5 1 runed translucent door, Jackthecabe's ghost, novice VSBr
Lair:1 Gastronok; Nergalle


Innate Abilities, Weirdness & Mutations

You are very small and have problems with some larger weapons.
You are too small for most types of armour.
You have supernaturally acute eyesight. (SInv)
You cover ground extremely quickly. (Speed+++)


Message History

The spectral orc warrior is lightly damaged.
Casting: Ensorcelled Hibernation (safe; 2% risk of failure)
Confirm with . or Enter, or press ? or * to list all spells.
Aiming: Ensorcelled Hibernation (safe; 2% risk of failure)
Press: ? - help, Shift-Dir - straight line, f/p - Nergalle
Aim: Nergalle, wearing a +2 robe of resistance (ally target, not susceptible)
Okay, then.
Your +0 dagger hits Nergalle but does no damage.
You closely miss Nergalle. You closely miss Nergalle.
Nergalle casts a spell at you.
Orcish apparitions take form around you.
Your +0 dagger hits Nergalle but does no damage.
The spectral orc warrior completely misses you.
Okay, then.
Casting: Ensorcelled Hibernation (safe; 2% risk of failure)
Confirm with . or Enter, or press ? or * to list all spells.
Aiming: Ensorcelled Hibernation (safe; 2% risk of failure)
Press: ? - help, Shift-Dir - straight line, f - you, p - Nergalle
Okay, then.
Press: ? - help, v - describe, . - travel
Here: Nergalle, wearing a +2 robe of resistance (ally target)
The floor.
You hit Nergalle but do no damage. You hit Nergalle but do no damage.
Nergalle gestures at you while chanting.
The bolt of negative energy misses you.
Your +0 dagger hits Nergalle but does no damage.
You hit Nergalle but do no damage.
The spectral orc warrior hits you with a +0 dire flail!
You feel drained.
Your +0 dagger hits Nergalle but does no damage.
Nergalle gestures at you while chanting.
The bolt of negative energy misses you.
Your +0 dagger hits Nergalle.
Nergalle points at you and mumbles some strange words.
The bolt of negative energy hits the spectral orc warrior.
The spectral orc warrior completely resists.
The bolt of negative energy hits you!!
You feel drained.
Ouch! That really hurt!
You die...

..............................
....................^.........
.........(...............)#'##
.........o.Z..............#...
.##.##.#..Z..##..###.....#...
#........#.ZZ.###..##.....#...
#.............#....##.....#<..
#........#....##...##.....#...
#........#...@#######.....#...
#........#.....#####......#...
#........#.>..............#...
####.####...................##
... ........................
## #.########P####.##.###.# ##
### ###### ###


You could see Nergalle (ally target), 4 spectral orc warriors and a friendly +0
dagger.

Vanquished Creatures
  Urug (Lair:1)
  Pikel (D:7)
  Joseph (D:9)
  A black mamba (Lair:1)
  A komodo dragon (Lair:1)
  10 yaks
  A steam dragon (D:8)
  2 water moccasins
  An orc warrior (D:9)
  A black bear (D:6)
  4 ogres
  4 centaurs
  3 lemures
  A kobold brigand (D:9)
  6 bullfrogs
  2 scorpions
  2 water moccasin zombies
  A water moccasin skeleton (D:5)
  11 wights
  2 howler monkeys
  3 bullfrog zombies
  2 centaur zombies
  5 jellies
  Crazy Yiuf (D:7)
  An orc priest (D:10)
  A centaur skeleton (D:7)
  4 iguanas
  8 orc wizards
  A hound zombie (D:5)
  A river rat (D:5)
  2 adders (D:2)
  An ufetubus (D:4)
  2 adder skeletons (D:4)
  3 worms
  2 dart slugs
  21 orcs
  4 bats
  8 endoplasms
  3 giant cockroaches
  5 goblins
  7 hobgoblins
  3 quokkas
  9 ball pythons
  2 frilled lizards
  A jackal skeleton (D:4)
  19 kobolds
  3 rats
178 creatures vanquished.

Vanquished Creatures (collateral kills)
  9 wights
9 creatures vanquished.

Vanquished Creatures (others)
  11 dancing weapons
  4 fungi
  A withered plant (D:3)
16 creatures vanquished.

Grand Total: 203 creatures vanquished

Notes
Turn   | Place    | Note
-------+----------+-------------------------------------------
     0 | D:1      | LustLizard the Spriggan Enchanter began the quest for the
                  | Orb.
     0 | D:1      | Reached XP level 1. HP: 9/9 MP: 5/5
   314 | D:1      | Found Asiu's Book Shop.
   622 | D:1      | Reached XP level 2. HP: 12/13 MP: 6/6
   664 | D:1      | Learned a level 2 spell: Ensorcelled Hibernation
  1082 | D:1      | Reached skill level 5 in Stealth
  1490 | D:2      | Reached XP level 3. HP: 16/16 MP: 6/8
  1494 | D:2      | Learned a level 3 spell: Tukima's Dance
  2215 | D:2      | Found a basalt altar of Yredelemnul.
  2889 | D:3      | Found an ornate altar of the Wu Jian Council.
  2904 | D:3      | Found a transporter.
  2965 | D:3      | Reached XP level 4. HP: 20/21 MP: 6/9
  3015 | D:3      | Noticed Kazon's ghost (amateur VSFi)
  3018 | D:3      | Noticed an ogre
  3025 | D:3      | Found a faded altar of an unknown god.
  3096 | D:3      | Noticed an ogre
  3120 | D:3      | Found a transporter.
  3727 | D:3      | Noticed a spectral centipede
  3727 | D:3      | Noticed a spectral black mamba
  3727 | D:3      | Noticed a spectral cane toad
  3728 | D:3      | Became a worshipper of the Wu Jian Council
  3820 | D:4      | Noticed an ogre
  3827 | D:4      | Killed an ogre
  3828 | D:4      | Reached skill level 6 in Stealth
  3828 | D:4      | Reached skill level 5 in Hexes
  3828 | D:4      | Reached XP level 5. HP: 24/24 MP: 11/11
  4377 | D:4      | Found a staircase to the Ecumenical Temple.
  4387 | D:4      | Reached XP level 6. HP: 26/26 MP: 12/12
  4618 | D:4      | Found a shimmering blue altar of Sif Muna.
  4930 | D:5      | Entered Level 5 of the Dungeon
  4941 | D:5      | Reached skill level 7 in Stealth
  4946 | D:5      | Reached * piety under Wu Jian
  5058 | D:4      | Reached XP level 7. HP: 26/32 MP: 9/14
  5802 | D:5      | Found a runed translucent door.
  5815 | D:5      | Reached skill level 1 in Evocations
  5828 | D:5      | Noticed Jackthecabe's ghost (novice VSBr)
  5935 | D:5      | Reached skill level 8 in Stealth
  6100 | D:5      | Found a runed translucent door.
  6191 | D:5      | Found an ancient bone altar of Kikubaaqudgha.
  6569 | D:6      | Reached skill level 5 in Short Blades
  6569 | D:6      | Reached skill level 1 in Throwing
  7445 | D:3      | Reached XP level 8. HP: 9/36 MP: 9/15
  8625 | D:6      | Reached skill level 9 in Stealth
  9577 | D:7      | Found a runed translucent door.
  9578 | D:7      | Noticed Crazy Yiuf
  9604 | D:7      | Killed Crazy Yiuf
 10086 | D:7      | Noticed Pikel
 10115 | D:7      | Killed Pikel
 10116 | D:7      | Reached skill level 5 in Evocations
 10116 | D:7      | Reached XP level 9. HP: 34/39 MP: 13/16
 10576 | D:7      | Reached skill level 10 in Stealth
 10966 | D:7      | Found a shimmering altar of Xom.
 11318 | D:7      | Identified the +2 leather armour "Jaax" {Int+2}
 12568 | D:8      | Reached ** piety under Wu Jian
 12571 | D:8      | Found an iron altar of Okawaru.
 12919 | D:8      | Found a sacrificial altar of Ru.
 13180 | D:9      | Found Exygast's Weapon Shop.
 13251 | D:9      | Found a staircase to the Lair.
 13261 | D:9      | Noticed Joseph
 13268 | D:9      | Killed Joseph
 13269 | D:9      | Reached XP level 10. HP: 31/44 MP: 10/17
 13377 | D:9      | Learned a level 5 spell: Yara's Violent Unravelling
 13422 | D:9      | Reached skill level 1 in Transmutations
 13780 | D:9      | Found Geczasol's Armour Emporium.
 13802 | D:9      | Reached skill level 10 in Hexes
 14436 | D:9      | Found Muhyalag's Book Boutique.
 14488 | D:9      | Found Akoolum's General Store.
 14496 | D:9      | Bought 3 scrolls of identify for 96 gold pieces
 14554 | D:9      | Reached skill level 1 in Bows
 15795 | D:10     | Entered Level 10 of the Dungeon
 16034 | D:10     | Noticed a gargoyle
 16393 | Lair:1   | Entered Level 1 of the Lair of Beasts
 16399 | Lair:1   | Noticed Urug
 16413 | Lair:1   | Killed Urug
 16414 | Lair:1   | Reached skill level 11 in Stealth
 16506 | Lair:1   | Noticed Gastronok
 16730 | Lair:1   | Noticed a black mamba
 16742 | Lair:1   | Killed a black mamba
 16856 | Lair:1   | Reached skill level 5 in Transmutations
 16979 | Lair:1   | Noticed Nergalle
 17239 | Lair:1   | Killed from afar by Nergalle

Illustrated notes

Levels and vault maps discovered:
D:1:      ncdulo_smallfort, layout_loops_cross, serial_shops,
          nicolae_lakefront_shop
D:2:      layout_basic, basic_altar
D:3:      layout_basic, pdpol_wu_jian_five_deadly_venoms,
          ebering_ecumenical_altar_petrified, gammafunk_ghost_smash
D:4:      layout_basic, mainiacjoe_overflow_boulevard, temple_fountains
D:5:      layout_rooms, kiku_gazebo_garden_becter, ebering_ghost_sewer_f
D:6:      layout_loops_corners, kennysheep_decorative_pillar
D:7:      layout_basic, xom_butterflies, uniq_pikel, uniq_crazy_yiuf_cottage
D:8:      layout_cave_pods, lemuel_crystal_altar, okawaru_metal_pillars_1_2
D:9:      layout_rooms, lair_entry_dummy, serial_shops, shop,
          kennysheep_mini_moat, kennysheep_mini, shop, uniq_joseph
D:10:     layout_gridville
Lair:1:   layout_regular_city, lemuel_fruit_tree, uniq_nergalle, uniq_gastronok,
          uniq_urug

Skill      XL: |  1  2  3  4  5  6  7  8  9 10 |
---------------+-------------------------------+-----
Stealth        | 5 6 7 8 9 10 11 | 11.3
Hexes          | 4 5 6 7 9 10 | 10.7
Short Blades   | 2 3 4 5 6 8 9 |  9.3
Spellcasting   | 3 4 |  4.2
Evocations     | 3 5 8 |  8.0
Throwing       | 1 3 4 |  4.0
Transmutations | 5 |  5.0
Bows           | 3 |  3.5
Dodging        | |  2.6

Action                   |  1- 3 |  4- 6 |  7- 9 | 10-12 || total
-------------------------+-------+-------+-------+-------++-------
Melee: Dagger            |    84 |   125 |   390 |       ||   599
       Punch             |     2 |       |    14 |     1 ||    17
       Short sword       |       |       |    47 |   121 ||   168
Throw: Stone             |       |     8 |    67 |     8 ||    83
       Dart              |       |       |     4 |       ||     4
 Cast: Ensorcelled Hiber |    27 |    31 |    55 |    49 ||   162
       Tukima's Dance    |       |     1 |    33 |    10 ||    44
Invok: Lunge             |       |     2 |    16 |    13 ||    31
       Whirlwind         |       |     1 |     7 |     2 ||    10
 Abil: Evoke Invisibilit |       |     2 |       |       ||     2
  Use: Scroll            |       |     4 |     2 |     4 ||    10
 Stab: Sleeping          |    26 |    20 |    36 |    32 ||   114
       Distracted        |     2 |       |       |     1 ||     3
       Invisible         |       |     1 |       |       ||     1
Armor: Robe              |     6 |     8 |    23 |     2 ||    39
Dodge: Dodged            |    50 |   109 |   300 |    62 ||   521
